 Dungeon Crawl Stone Soup version 0.27-a0-836-gfc908b8576 (webtiles) character file.

Game seed: 6440844090836586952

469 n0claF the Skirmisher (level 7, -18/61 HPs)
             Began as a Ghoul Fighter on Apr 1, 2021.
             Demolished by an ogre
             ... wielding a +0 giant spiked club
              (20 damage)
             ... on level 5 of the Dungeon.
             The game lasted 00:07:39 (4476 turns).

n0claF the Skirmisher (Ghoul Fighter)               Turns: 4476, Time: 00:07:39

Health: -18/61     AC:  7    Str: 22    XL:     7   Next: 9%
Magic:  6/6        EV:  7    Int:  3    God:
Gold:   232        SH:  9    Dex:  8    Spells: 6/6 levels left

rFire    . . .     SeeInvis .   q - +4 spear
rCold    + . .     Faith    .   c - +0 kite shield
rNeg     + + +     Spirit   .   b - +0 scale mail
rPois    ∞         Reflect  .   (no helmet)
rElec    .         Harm     .   e - scarf {+Inv}
rCorr    .         Rampage  .   (no gloves)
Will     .....                  (no boots)
Stlth    ..........             (no amulet)
HPRegen  0.00/turn              (no ring)
MPRegen  0.10/turn              (no ring)

@: no status effects
A: claws 1, cold resistance 1, negative energy resistance 3, inhibited
regeneration, torment resistance 2, unbreathing 1
a: Evoke Invisibility


You were on level 5 of the Dungeon.
You visited 1 branch of the dungeon, and saw 5 of its levels.

You collected 232 gold pieces.

Inventory:

Hand Weapons
 a - a +0 war axe
 q - a +4 spear (weapon)
   (You took it off a gnoll on level 4 of the Dungeon)
Armour
 b - a +0 scale mail (worn)
 c - a +0 kite shield (worn)
 e - a scarf of invisibility (worn)
   (You found it on level 1 of the Dungeon)
 l - a +0 helmet
   (You found it on level 2 of the Dungeon)
Scrolls
 j - 2 scrolls of identify {unknown}
 k - a scroll of brand weapon {unknown}
 m - 2 scrolls of blinking {unknown}
 p - a scroll of teleportation {unknown}
Potions
 d - 2 potions of brilliance {unknown}
 f - 2 potions of curing {unknown}
 g - a potion of lignification {unknown}
 h - a potion of magic {unknown}
 i - a potion of heal wounds {unknown}
 n - 2 potions of resistance {unknown}
 o - a potion of degeneration {unknown}


   Skills:
 + Level 5.1 Fighting
 + Level 3.6 Axes
 + Level 4.2 Armour
 + Level 4.2 Shields


You had 6 spell levels left.
You didn't know any spells.
Your spell library contained the following spells:

 Spells                   Type           Power      Damage    Failure   Level
 Corona                   Hex            0%         N/A       99%         1
 Ensorcelled Hibernation  Hex/Ice        0%         N/A       100%        2
 Confusing Touch          Hex            0%         N/A       100%        3
 Dazzling Flash           Conj/Hex       0%         N/A       100%        3
 Tukima's Dance           Hex            0%         N/A       100%        3


Dungeon Overview and Level Annotations

Branches:
Dungeon (5/15)
 Temple: D:4-7

Altars:
Cheibriados
Dithmenos
Fedhas
Kikubaaqudgha
Okawaru
Ru
Trog
Wu Jian
The Shining One

Annotations:
D:5 Eustachio


Innate Abilities, Weirdness & Mutations

You thrive by killing the living.
You are immune to poison.
You have sharp fingernails.
Your flesh is cold resistant. (rC+)
You are immune to negative energy. (rN+++)
You do not regenerate when monsters are visible.
You are immune to unholy pain and torment.
You can survive without breathing.


Message History

The ufetubus closely misses you. You block the ufetubus's attack.
You puncture the ufetubus!
You kill the ufetubus!
You puncture the orc!
You kill the orc!
No target in view!
No target in view!
No target in view! 3 orcs and Eustachio come into view.
Eustachio shouts!
The orc shouts! x3
Found 4 gold pieces.
Items here: )) ††.
You reach to attack!
You hit the orc. You puncture the orc!
You kill the orc!
You puncture the orc!
You kill the orc!
An ogre comes into view. It is wielding a +0 giant spiked club.
Eustachio gestures wildly while chanting.
You reach to attack!
You completely miss the orc. You hit the orc. You block the orc's attack.
You puncture the orc!
You kill the orc!
You barely miss Eustachio. You block Eustachio's attack.
The crimson imp blinks!
You block Eustachio's attack.
You hit Eustachio.
Eustachio mumbles some strange words.
Eustachio blinks!
You reach to attack!
You hit the ogre. You puncture the ogre!
The ogre hits you with a +0 giant spiked club!
You puncture the ogre!
The ogre hits you with a +0 giant spiked club!!
* * * LOW HITPOINT WARNING * * *
Eustachio screams, "This atrocity can only be purified with blood!"
You are too injured to fight recklessly!
You are too injured to fight recklessly!
Your shield and scale mail prevent you from hitting the ogre.
The ogre closely misses you.
You barely miss the ogre.
The ogre hits you with a +0 giant spiked club!
* * * LOW HITPOINT WARNING * * *
You barely miss the ogre.
Eustachio mumbles some strange words.
Eustachio blinks!
The ogre hits you with a +0 giant spiked club.
* * * LOW HITPOINT WARNING * * *
You barely miss the ogre.
The ogre hits you with a +0 giant spiked club!!
You die...

..
#####.####
.........
$.@oo...#
#..# #5#
#..# #5#
#..# #5#
#..# #O#
#..# #@#
#..#
#.#####..##
#.........#
#####.#.#.#
#.#.#.#
#.#.#.##
#.#..<.#
..###..#
### #..#


You could see an ogre, a crimson imp (summoned), a white imp (summoned) and an
ufetubus (summoned).

Vanquished Creatures
  Duvessa (D:4)
  Dowan (D:4)
  An orc priest (D:4)
  2 orc wizards
  2 iguanas (D:4)
  3 gnolls (D:4)
  6 adders
  An ufetubus (D:5)
  2 worms (D:2)
  2 dart slugs (D:2)
  16 orcs
  5 endoplasms
  A giant cockroach (D:1)
  6 goblins
  5 hobgoblins
  6 jackals (D:3)
  7 kobolds
  5 quokkas
  3 ball pythons
  A bat (D:3)
  2 frilled lizards
  A quokka skeleton (D:4)
  4 rats
83 creatures vanquished.

Notes
Turn   | Place    | Note
-------+----------+-------------------------------------------
     0 | D:1      | n0claF the Ghoul Fighter began the quest for the Orb.
     0 | D:1      | Reached XP level 1. HP: 19/19 MP: 0/0
   350 | D:1      | Reached XP level 2. HP: 22/26 MP: 1/1
  1315 | D:2      | Reached XP level 3. HP: 33/33 MP: 2/2
  1666 | D:2      | Found an ancient bone altar of Kikubaaqudgha.
  1673 | D:2      | Found a shadowy altar of Dithmenos.
  1673 | D:2      | Found an ornate altar of the Wu Jian Council.
  1675 | D:2      | Found a blossoming altar of Fedhas.
  2242 | D:2      | Found a sacrificial altar of Ru.
  2347 | D:3      | Reached XP level 4. HP: 25/40 MP: 3/3
  2536 | D:3      | Reached skill level 4 in Fighting
  2585 | D:3      | Reached XP level 5. HP: 36/46 MP: 4/4
  2867 | D:3      | Found a snail-covered altar of Cheibriados.
  3344 | D:4      | Noticed Duvessa
  3349 | D:4      | Noticed Dowan
  3351 | D:4      | Killed Duvessa
  3352 | D:4      | Reached XP level 6. HP: 41/53 MP: 5/5
  3360 | D:4      | Killed Dowan
  3492 | D:4      | Found an iron altar of Okawaru.
  3604 | D:4      | Reached skill level 5 in Fighting
  4132 | D:4      | Found a bloodstained altar of Trog.
  4140 | D:4      | Reached XP level 7. HP: 55/61 MP: 6/6
  4433 | D:5      | Entered Level 5 of the Dungeon
  4457 | D:5      | Noticed Eustachio
  4475 | D:5      | HP: 2/61 [ogre/+0 giant spiked club (3)]
  4476 | D:5      | Demolished by an ogre

Illustrated notes

Levels and vault maps discovered:
D:1:      lightli_arrival_lavapool, layout_loops_corners, serial_park_tiny_2
D:2:      layout_basic, minitemple, hangedman_ru_absence
D:3:      layout_rooms, gammafunk_temple_overflow_elements
D:4:      layout_loops_ring, lemuel_crystal_altar, minmay_misc_feat_columns,
          trog_butcher_becter, uniq_duvessa
D:5:      layout_loops_ring, uniq_eustachio

Skill      XL: |  1  2  3  4  5  6 |
---------------+-------------------+-----
Axes           | 2 3 |  3.6
Armour         | 3 4 |  4.2
Shields        | 3 4 |  4.2
Fighting       | 4 5 |  5.1

Action                   |  1- 3 |  4- 6 |  7- 9 || total
-------------------------+-------+-------+-------++-------
Melee: War axe           |    88 |   136 |     7 ||   231
       Spear             |       |       |    21 ||    21
  Use: Potion            |       |     1 |       ||     1
Armor: Scale mail        |    51 |    55 |       ||   106
Dodge: Dodged            |    27 |    46 |     5 ||    78
Block: Kite shield       |    43 |    80 |     8 ||   131

Table legend: (Time is in decaauts)
 A = Elapsed time spent in this place.
 B = Non-inter-level travel time spent in this place.
 C = Inter-level travel time spent in this place.
 D = Time resting spent in this place.
 E = Time spent auto-exploring this place.
 F = Levels seen in this place.
 G = Mean time per level.
                   A        B        C        D        E       F      G
               +--------+--------+--------+--------+--------+-----+--------+
         Total |   4620 |   4409 |    211 |      0 |   3768 |   5 |  924.0 |
       Dungeon |   4620 |   4409 |    211 |      0 |   3768 |   5 |  924.0 |
               +--------+--------+--------+--------+--------+-----+--------+

Top non-repeatable levels by time:
     D:2: 1386 daAuts
     D:4: 1349 daAuts
     D:1: 1004 daAuts
     D:3: 832 daAuts
     D:5: 47 daAuts
